 Dungeon Crawl Stone Soup version 0.28.0-53-g5a82cb258f (webtiles) character file.

Game seed: 2331876262264750943

100 Lennethare the Conjurer (level 4, -2/33 HPs)
             Began as a Draconian Conjurer on Aug 3, 2022.
             Killed by nerve-wracking pain
             ... invoked by Grinder
              (5 damage)
             ... on level 3 of the Dungeon.
             The game lasted 00:05:28 (3035 turns).

Lennethare the Conjurer (Draconian Conjurer)        Turns: 3035, Time: 00:05:29

Health: -2/33      AC:  5    Str: 12    XL:     4   Next: 47%
Magic:  1/7        EV: 12    Int: 18    God:
Gold:   104        SH:  0    Dex:  9    Spells: 4/7 levels left

rFire   + . .      SeeInvis .   i - +1 falchion (vorpal)
rCold   + . .      Faith    .   (no shield)
rNeg    . . .      Spirit   .   (armour unavailable)
rPois   +          Reflect  .   (helmet restricted)
rElec   +          Harm     .   (no cloak)
rCorr   +          Rampage  .   (no gloves)
Will    .....                   (no boots)
Stlth   ++........              (no amulet)
HPRegen 0.11/turn               (no ring)
MPRegen 0.10/turn               (no ring)

@: resistant
A: AC +5, unfitting armour, cold-blooded
a: no special abilities


You were on level 3 of the Dungeon.
You visited 1 branch of the dungeon, and saw 3 of its levels.

You collected 104 gold pieces.

Inventory:

Hand Weapons
 a - a +0 club
 g - a +0 dagger
 i - a +1 vorpal falchion (weapon)
Scrolls
 b - a scroll of holy word {unknown}
 d - a scroll of enchant armour {unknown}
 e - 2 scrolls of enchant weapon {unknown}
 j - a scroll of magic mapping {unknown}
Potions
 h - a potion of flight {unknown}


   Skills:
 - Level 1.7 Dodging
 - Level 1.7 Stealth
 - Level 2.0 Spellcasting
 - Level 4.0 Conjurations
 + Level 3.8 Hexes


You had 4 spell levels left.
You knew the following spells:

 Your Spells              Type           Power      Damage    Failure   Level
a - Magic Dart            Conj           64%        1d6       3%          1
b - Searing Ray           Conj           32%        2d5       5%          2

Your spell library contained the following spells:

 Spells                   Type           Power      Damage    Failure   Level
 Dazzling Flash           Conj/Hex       30%        N/A       11%         3
 Fulminant Prism          Conj/Hex       7%         3d7       34%         4
 Iskenderun's Mystic Bla  Conj/Tloc      9%         2d4       61%         4


Dungeon Overview and Level Annotations

Branches:
Dungeon (3/15)

Altars:

Annotations:
D:3 Grinder


Innate Abilities, Weirdness & Mutations

Your plain brown scales are hard. (AC +5)
You cannot fit into any form of body armour.
You are cold-blooded and may be slowed by cold attacks.


Message History

You closely miss the adder. The adder bites you.
You are poisoned.
The adder poisons you! The adder closely misses you.
You closely miss the adder.
You feel sick. The adder bites you but does no damage. The adder bites you.
You barely miss the adder.
Your tail-slap misses the adder.
You feel sick. The adder bites you but does no damage. The adder bites you.
You are more poisoned.
The adder poisons you!
Casting: Searing Ray (safe; 5% risk of failure)
Confirm with . or Enter, or press ? or * to list all spells.
Aiming: Searing Ray (safe; 5% risk of failure)
Press: ? - help, Shift-Dir - straight line, f/p - Grinder
Aim: Grinder (moderately wounded, 75% to hit)
The searing ray hits the adder!
You kill the adder!
The searing ray hits Grinder!
Grinder is heavily wounded. (Press . to maintain the ray.)
You feel sick.
The searing ray misses Grinder.
You feel sick.
Grinder blinks!
You feel sick.
You finish channelling your searing ray.
You feel sick.
It was a potion of resistance.
You feel protected.
You feel sick.
The goblin shouts!
It was a potion of curing.
You feel better.
You closely miss Grinder.
Grinder is heavily wounded.
Grinder hits you.
* * * LOW HITPOINT WARNING * * *
You writhe in agony.
* * * LOW HITPOINT WARNING * * *
Unknown command.
The goblin misses you. Grinder gestures at you. Pain shoots through your body!
You die...

......##...##..# #....
#.....#####..# ####
##.#..## #..# #?$...###
#.# #####.#.....# ..#
#........##.## .#
#.#..###..#..# .. # #.##
##....# #.. #.# ##.@##
#..#.#### #...##
#....5..## ###g5#
#..#.##..## #..#####..
.....#......#####†.......
#### #...................
#..♣♣P...........###.
....♣....).###.......
..#.?......## ####...#


You could see Grinder and a goblin.

Vanquished Creatures
  Robin (D:1)
  4 adders
  A worm (D:2)
  A dart slug (D:2)
  3 ball pythons
  4 bats
  3 endoplasms
  3 giant cockroaches
  13 goblins
  3 hobgoblins (D:2)
  A kobold (D:1)
  2 quokkas (D:1)
  4 frilled lizards (D:2)
  4 rats
47 creatures vanquished.

Notes
Turn   | Place    | Note
-------+----------+-------------------------------------------
     0 | D:1      | Lennethare the Draconian Conjurer began the quest for the
                  | Orb.
     0 | D:1      | Reached XP level 1. HP: 14/14 MP: 3/3
   240 | D:1      | Reached skill level 1 in Hexes
   254 | D:1      | Reached XP level 2. HP: 7/20 MP: 0/5
   257 | D:1      | Learned a level 2 spell: Searing Ray
  1181 | D:2      | Reached XP level 3. HP: 7/26 MP: 0/6
  1883 | D:2      | Noticed Robin
  1967 | D:1      | Killed Robin
  2114 | D:2      | Reached XP level 4. HP: 23/33 MP: 7/7
  2992 | D:3      | Noticed Grinder
  3035 | D:3      | Killed from afar by Grinder

Illustrated notes

Levels and vault maps discovered:
D:1:      shiori_arrival_oz, layout_basic, chequers_serial_rivers_micro_b,
          dk_noncrumbling_2
D:2:      layout_basic, uniq_robin
D:3:      layout_rooms, elyvilon_altar_3, serial_park_tiny_2, minmay_vboxes,
          uniq_grinder

Skill      XL: |  1  2  3 |
---------------+----------+-----
Hexes          | 1 2 3 |  3.8
Dodging        | |  1.7
Stealth        | |  1.7
Spellcasting   | |  2.0
Conjurations   | |  4.0

Action                   |  1- 3 |  4- 6 || total
-------------------------+-------+-------++-------
Melee: Club              |    37 |       ||    37
       Tailslap          |     5 |     6 ||    11
       Falchion          |    14 |    32 ||    46
       Dagger            |     9 |       ||     9
 Cast: Magic Dart        |    30 |       ||    30
       Searing Ray       |     7 |     3 ||    10
  Use: Potion            |       |     2 ||     2
 Stab: Distracted        |       |     1 ||     1
       Sleeping          |       |     1 ||     1
Armor: Skin              |    23 |    10 ||    33
Dodge: Dodged            |    62 |    21 ||    83
